 Dungeon Crawl Stone Soup version 0.20.1-1-g8b1a95d (webtiles) character file.

65 Nidhoragg the Ducker (level 3, 0/36 HPs)
             Began as a Troll Fighter on Oct 21, 2017.
             Succumbed to an adder's poison
             ... on level 3 of the Dungeon.
             The game lasted 00:06:27 (1656 turns).

Nidhoragg the Ducker (Troll Fighter)                Turns: 1656, Time: 00:06:27

Health: 0/36       AC:  5    Str: 24    XL:     3   Next: 94%
Magic:  2/2        EV:  8    Int:  9    God:
Gold:   121        SH:  8    Dex: 10    Spells: 2/2 levels left

rFire    . . .     SeeInvis .   a - +1 flail
rCold    . . .     Gourm    +   c - +0 shield
rNeg     . . .     Faith    .   b - +0 robe
rPois    .         Spirit   .   (helmet restricted)
rElec    .         Reflect  .   (no cloak)
rCorr    .         Harm     .   (gloves unavailable)
MR       .....                  (boots unavailable)
Stlth    +.........             (no amulet)
Regen    0.6/turn               (no ring)
MPRegen  0.1/turn               (no ring)

@: brilliant, lethally poisoned (0 -> 0)
A: unfitting armour, claws 3, fast metabolism 3, gourmand, regeneration 1,
shaggy fur 1, tough skin 2
a: no special abilities


You were on level 3 of the Dungeon.
You were hungry.

You visited 1 branch of the dungeon, and saw 3 of its levels.

You collected 121 gold pieces.

Inventory:

Hand Weapons
 a - a +1 flail (weapon)
Armour
 b - a +0 robe (worn)
 c - a +0 shield (worn)
Jewellery
 e - a +2 ring of strength {unknown}
Scrolls
 j - 2 scrolls of remove curse
Potions
 d - a potion of might
 i - a potion of mutation {unknown}
 k - a potion of curing {unknown}
 m - a potion of heal wounds {unknown}
 n - a potion of flight {unknown}
 o - a potion of resistance {unknown}
Comestibles
 f - 4 bread rations
 h - 3 fruits
 l - a meat ration


   Skills:
 + Level 2.7 Fighting
 + Level 2.1 Maces & Flails
 * Level 3.4 Dodging
 - Level 2.6 Shields


You had 2 spell levels left.
You didn't know any spells.

Dungeon Overview and Level Annotations

Branches:
Dungeon (3/15)

Altars:

Annotations:
D:3 Dwachs's ghost, amateur OpTm; Purgy


Innate Abilities, Weirdness & Mutations

You are too large for most types of armour.
You have claws for hands.
Your metabolism is lightning-fast.
You like to eat raw meat.
Your natural rate of healing is unusually fast.
You are covered in fur. (AC +1)
You have very tough skin. (AC +2)


Message History

A jackal comes into view.
You thump the adder!
You kill the adder!
You feel sick. You block Purgy's attack. Purgy claws you but does no damage.
Purgy claws you.
* * * LOW HITPOINT WARNING * * *
You see here an adder corpse.
You closely miss Purgy.
You feel sick. You block Purgy's attack. Purgy claws you but does no damage. x2
You sock Purgy!
Purgy is moderately wounded.
You block Purgy's attack. Purgy claws you but does no damage. Purgy claws you.
* * * LOW HITPOINT WARNING * * *
Purgy bites you.
* * * LOW HITPOINT WARNING * * *
You block Purgy's attack. Purgy misses you.
A jackal comes into view.
It was a potion of brilliance.
You feel clever all of a sudden.
You die...

### ..# .
#####.######
.h..#..h........
...)..)T@.#####.#
....#.###.......#
. # #.#####.# #..
#.......# #.#
#.#####.# ..# #.#
###.# ##.#####.#
....###.........
..........####.#


You could see Purgy and 2 jackals.

Vanquished Creatures
  A gnoll (D:1)
  An adder (D:3)
  A worm (D:2)
  A dart slug (D:1)
  4 leopard geckos (D:1)
  3 ball pythons (D:1)
  3 goblins
  8 hobgoblins
  4 jackals (D:1)
  4 kobolds
  5 bats (D:2)
  A frilled lizard (D:2)
  A rat (D:2)
37 creatures vanquished.

Notes
Turn   | Place    | Note
-------+----------+-------------------------------------------
     0 | D:1      | Nidhoragg the Troll Fighter began the quest for the Orb.
     0 | D:1      | Reached XP level 1. HP: 22/22 MP: 0/0
   229 | D:1      | Reached XP level 2. HP: 5/29 MP: 1/1
   345 | D:1      | Reached skill level 3 in Dodging
   591 | D:1      | Reached XP level 3. HP: 36/36 MP: 2/2
  1631 | D:3      | Noticed Dwachs's ghost (amateur OpTm)
  1641 | D:3      | Noticed Purgy
  1655 | D:3      | HP: 1/36 [Purgy (4)]
  1656 | D:3      | Succumbed to an adder's poison

Skill      XL: |  1  2  3 |
---------------+----------+-----
Dodging        | 3 |  3.4
Maces & Flails | 2 |  2.1
Fighting       | |  2.7
Shields        | |  2.6

Action                   || total
-------------------------++-------
Melee: Flail             ||   120
  Use: Scroll            ||     5
       Potion            ||     1
  Eat: Chunk             ||    12
Armor: Robe              ||    66
Dodge: Dodged            ||    49
Block: Shield            ||    68
